 Dungeon Crawl Stone Soup version 0.30-a0-613-gdd512c7efb (webtiles) character file.

Game seed: 11212075681305596822

78849 wormed the Basher (level 15, 0/84 HPs)
             Began as a Vine Stalker Fighter on Jan 9, 2023.
             Was a High Priest of Ru.
             Succumbed to a redback's poison
             ... on level 3 of the Lair of Beasts.
             The game lasted 00:29:09 (18629 turns).

wormed the Basher (Vine Stalker Fighter)           Turns: 18629, Time: 00:29:10

Health: 0/84       AC: 30    Str: 29    XL:     15   Next: 61%
Magic:  9/16       EV: 19    Int:  8    God:    Ru [*****.]
Gold:   1572       SH: 10    Dex: 17    Spells: 14/14 levels left

rFire   + . .      SeeInvis .    V - +2 demon whip (elec)
rCold   . . .      Faith    .    o - +3 warlock's mirror {reflect}
rNeg    . . .      Spirit   +    a - +7 chain mail of Tipsysal {Stlth+}
rPois   .          Reflect  +    q - +2 helmet
rElec   .          Harm     +    W - +2 cloak
rCorr   .          Rampage  .    M - +0 pair of fencer's gloves {Riposte Dex+3}
Will    +....                    L - +2 pair of boots "Saguf" {Harm Str+5} Stlth
                                 T - amulet of regeneration
HPRegen 1.94/turn                e - +5 ring of evasion
MPRegen 0.15/turn                h - ring of protection from fire

@: lethally poisoned (0 -> -9), unable to drink
A: fangs 3, regeneration 1, weak 1, magic shield, antimagic bite, no potion heal
2, inability to drink after injury 2, no stealth, inability to use devices
a: Renounce Religion, Draw Out Power, Power Leap, Apocalypse


You were on level 3 of the Lair of Beasts.
You worshipped Ru.
Ru was extremely pleased with you.
You visited 5 branches of the dungeon, and saw 24 of its levels.
You also visited: Bailey.

You collected 2664 gold pieces.
You spent 1092 gold pieces at shops.

Inventory:

Hand Weapons
 S - a +3 demon whip of draining
 V - a +2 demon whip of electrocution (weapon)
Missiles
 g - 14 curare-tipped darts
 i - 4 javelins
 C - 18 poisoned darts
 E - 6 datura-tipped darts
 G - 5 throwing nets
Armour
 a - the +7 chain mail of Tipsysal (worn) {Stlth+}
   (You acquired it on level 6 of the Dungeon)

   Stlth:     It makes you more stealthy.
 o - the +3 warlock's mirror (worn) {reflect}
   (You bought it in a shop on level 2 of the Orcish Mines)

   It can block and reflect piercing ranged attacks and magical attacks against
   the wielder's willpower.
 q - a +2 helmet (worn)
 L - the +2 pair of boots "Saguf" (worn) {Harm Str+5}
   (You found it on level 9 of the Dungeon)

   Str:       It affects your strength (+5).
   Harm:      It increases damage dealt and taken.
 M - the +0 pair of fencer's gloves (worn) {Riposte Dex+3}
   (You bought it in a shop on level 9 of the Dungeon)

   It allows the wearer to riposte with melee weapons, swiftly retaliating
   against missed or blocked melee attacks.
   Dex:       It affects your dexterity (+3).
 W - a +2 cloak (worn)
Jewellery
 e - a +5 ring of evasion (left hand)
 h - a ring of protection from fire (right hand)
 m - an amulet of reflection
 w - a ring of wizardry
 y - a ring of magical power
 B - a ring of protection from fire
 I - a ring of protection from fire
 K - a ring of protection from cold
 Q - an amulet of magic regeneration
 T - an amulet of regeneration (around neck)
 U - a ring of magical power
Scrolls
 p - 4 scrolls of magic mapping
 r - 2 scrolls of butterflies
 t - 6 scrolls of identify
 u - 11 scrolls of teleportation
 A - a scroll of amnesia
 D - a scroll of enchant weapon
 F - 6 scrolls of enchant armour
 H - a scroll of silence
 N - 4 scrolls of fear
 O - a scroll of fog
 P - 4 scrolls of blinking
 R - a scroll of torment
Potions
 b - 3 potions of magic
 d - 3 potions of might
 f - 9 potions of attraction
 j - 5 potions of flight
 k - 10 potions of mutation
 l - a potion of lignification
 n - a potion of resistance
 s - 5 potions of cancellation
 v - 5 potions of haste
 x - 2 potions of ambrosia
 z - 12 potions of curing (quivered)
 J - 2 potions of brilliance


   Skills:
 + Level 11.8 Fighting
 - Level 12.0 Maces & Flails
 + Level 10.8 Armour
 + Level 10.5 Dodging
 + Level 11.7 Shields


You had 14 spell levels left.
You didn't know any spells.
Your spell library contained the following spells:

 Spells                   Type           Power      Damage    Failure   Level
 Freeze                   Ice            0%         1d3       90%         1
 Magic Dart               Conj           0%         1d3       90%         1
 Shock                    Conj/Air       0%         1d3       90%         1
 Summon Small Mammal      Summ           0%         N/A       90%         1
 Call Imp                 Summ           0%         N/A       97%         2
 Ensorcelled Hibernation  Hex/Ice        0%         N/A       97%         2
 Passwall                 Tmut/Erth      0%         N/A       97%         2
 Frozen Ramparts          Ice            0%         1d1       99%         3
 Hailstorm                Conj/Ice       0%         3d3       99%         3
 Inner Flame              Hex/Fire       0%         N/A       99%         3
 Mephitic Cloud           Conj/Pois/Air  0%         N/A       99%         3
 Ozocubu's Armour         Ice            0%         N/A       99%         3
 Spider Form              Tmut/Pois      0%         N/A       99%         3
 Swiftness                Air            0%         N/A       99%         3
 Anguish                  Hex/Necr       0%         N/A       100%        4
 Animate Armour           Summ/Erth      0%         N/A       100%        4
 Flame Wave               Conj/Fire      0%         2d4       100%        4
 Manifold Assault         Tloc           0%         N/A       100%        4
 Passage of Golubria      Tloc           0%         N/A       100%        4
 Sticky Flame             Conj/Fire      0%         2d3       100%        4
 Summon Ice Beast         Ice/Summ       0%         N/A       100%        4
 Arcjolt                  Conj/Air       0%         1d10      100%        5
 Blade Hands              Tmut           0%         N/A       100%        5
 Fireball                 Conj/Fire      0%         3d3       100%        5
 Iskenderun's Battlesphe  Conj           0%         2d6       100%        5
 Metabolic Englaciation   Hex/Ice        0%         N/A       100%        5
 Summon Mana Viper        Hex/Summ       0%         N/A       100%        5
 Yara's Violent Unravell  Hex/Tmut       0%         3d3       100%        5
 Conjure Ball Lightning   Conj/Air       0%         3x3d6     100%        6
 Dispersal                Tloc           0%         N/A       100%        6
 Iron Shot                Conj/Erth      0%         9d1       100%        6
 Simulacrum               Ice/Necr       0%         N/A       100%        6
 Enfeeble                 Hex            0%         N/A       100%        7
 Monstrous Menagerie      Summ           0%         N/A       100%        7
 Orb of Destruction       Conj           0%         9d5       100%        7
 Ozocubu's Refrigeration  Ice            0%         4d7       100%        7
 Disjunction              Tloc           0%         N/A       100%        8
 Dragon's Call            Summ           0%         N/A       100%        9


Dungeon Overview and Level Annotations

Branches:
Dungeon (15/15)            Temple (1/1) D:7            Lair (5/5) D:11
 Shoals (0/4) Lair:3       Spider (1/4) Lair:3        Slime (0/5) Lair:5
    Orc (2/2) D:10            Elf (0/3) Orc:2        Vaults (0/5) D:14
 Depths (0/4) D:15         Bailey (visited)

Altars:
Ashenzari
Cheibriados
Dithmenos
Elyvilon
Fedhas
Gozag
Hepliaklqana
Kikubaaqudgha
Makhleb
Nemelex Xobeh
Okawaru
Qazlal
Ru
Sif Muna
Trog
Uskayaw
Vehumet
Wu Jian
Xom
Yredelemnul
Zin
The Shining One

Shops:
D:9 [*   Orc:1 (   Orc:2 [?![*[*:*


Innate Abilities, Weirdness & Mutations

You have razor-sharp teeth.
Your natural rate of healing is unusually fast.
You are weak. (Str -2)
When hurt, damage is shared between your health and your magic reserves.
Your bite disrupts and absorbs the magic of your enemies.
Potions cannot restore your health.
You sometimes lose the ability to drink potions when taking damage.
You cannot be stealthy.
You cannot study or use magical devices.


Message History

The redback is severely wounded.
You closely miss the redback. Your bite misses the redback.
The redback is severely wounded.
You feel sick.
The redback is healed somewhat.
You barely miss the culicivora. Your bite misses the culicivora.
The culicivora is heavily wounded.
You feel sick. The redback bites you.
The culicivora begins to attack, but is stunned by your conviction!
You barely miss the culicivora.
The culicivora is heavily wounded.
You feel sick. The redback bites you!
You are lethally poisoned!
The redback poisons you!
The redback is healed somewhat.
You thrash the redback!!
You kill the redback!
* * * LOW HITPOINT WARNING * * *
You feel very sick. The culicivora closely misses you.
You whack the culicivora!
The culicivora is almost dead.
* * * LOW HITPOINT WARNING * * *
You feel very sick.
You miss the culicivora.
The culicivora is almost dead.
* * * LOW HITPOINT WARNING * * *
You feel very sick.
The culicivora begins to attack, but is stunned by your conviction!
You thrash the culicivora!!
You kill the culicivora!
* * * LOW HITPOINT WARNING * * *
You feel very sick.
There is a lethal amount of poison in your body!
There is a lethal amount of poison in your body!
There is a lethal amount of poison in your body!
* * * LOW HITPOINT WARNING * * *
You feel extremely sick.
You cannot drink potions in your current state!
You cannot drink potions in your current state!
You cannot drink potions in your current state!
You die...

##
##....^..................#....
#
#..................P.........
##............................
#............^................
##..........^^..^..#.......#..
#.#####.....^.^..^.#####.#####
#######....^^.^.^.^..# ###
#..##.....^..†^^...^##
##.#.......^^†@..^..#
###......#.^.^^.^^^^..##
.....######.^^.^^.^^...#
...##.# ##P..^.^^^.....#
.###### #.....^.^.^....# ##
#P....^...^....## #
#P..............#
####..............# #####
#.##..##........###


There were no monsters in sight!

Vanquished Creatures
  Donald (Orc:2)
  A balrug (Orc:1)
  A stone giant (D:15)
  A spark wasp (Spider:1)
  3 dire elephants (Lair:5)
  Josephine (D:11)
  Snorg (D:10)
  2 hydras (Lair:4)
  2 catoblepae
  A vault guard (D:14)
  3 boulder beetles
  A centaur warrior (D:15)
  An ogre mage (D:15)
  7 two-headed ogres
  A death yak (Lair:5)
  3 orc high priests (Orc:2)
  4 tengu warriors
  Sonja (D:10)
  Lodul (D:10)
  A spectral anaconda (Lair:5)
  3 spectral death yaks (Lair:5)
  An obsidian statue (Lair:5)
  2 wizards (D:14)
  7 orc knights
  A wolf spider (Spider:1)
  4 necromancers
  5 ugly things
  A deep elf pyromancer (D:12)
  3 orc sorcerers (Orc:2)
  2 oklob plants (D:11)
  2 cyclopes
  20 elephants
  4 manticores
  2 black mambas
  3 gargoyles
  A dire elephant skeleton (Lair:5)
  12 cane toads
  A yaktaur (D:14)
  3 kobold demonologists
  A rime drake (Lair:2)
  2 efreet (D:13)
  4 komodo dragons
  A tengu conjurer (D:14)
  2 freezing wraiths (D:14)
  A polar bear (Lair:3)
  4 trolls
  A troll (shapeshifter) (D:14)
  A wind drake (Lair:3)
  A tarantella (Spider:1)
  Grinder (D:5)
  2 hornets
  5 blink frogs (Lair:3)
  2 spectral elephants (Lair:5)
  3 jumping spiders (Spider:1)
  10 slime creatures
  A culicivora (Lair:3)
  2 shadows
  A vampire (D:12)
  20 yaks
  6 wraiths
  3 wyverns
  18 humans (D:14)
  7 basilisks
  Grum (Bailey)
  A hog (shapeshifter) (D:15)
  3 death yak simulacra (Lair:5)
  13 vampire mosquitoes
  A steam dragon (D:6)
  6 redbacks
  A spectral cane toad (Lair:5)
  4 wargs
  2 acid dragons
  9 water moccasins
  22 orc warriors
  A black bear (D:7)
  An elephant zombie (Lair:5)
  An ice beast (D:6)
  A sky beast (D:6)
  10 ogres
  4 boggarts (D:14)
  8 wolves
  2 centaurs
  2 elephant skeletons (Lair:5)
  2 phantoms
  3 kobold brigands
  4 necrophages
  12 bullfrogs
  7 gnoll sergeants (Bailey)
  2 cane toad simulacra (Lair:5)
  3 scorpions
  5 wights
  6 electric eels (D:9)
  4 howler monkeys
  A human zombie (D:4)
  8 hounds
  7 orc priests
  6 gnoll boudas (Bailey)
  2 jellies (D:6)
  3 scorpion zombies (D:4)
  Jessica (D:2)
  13 orc wizards
  3 iguanas
  2 hound zombies (D:4)
  2 mummies (D:4)
  8 adders
  14 gnolls
  2 ufetubi (D:5)
  An adder zombie (D:4)
  5 worms
  2 dart slugs
  51 orcs
  7 ball pythons
  6 bats
  11 endoplasms
  5 giant cockroaches
  8 goblins
  8 hobgoblins
  12 jackals
  4 quokkas
  A frilled lizard (D:3)
  18 kobolds
  3 rats
568 creatures vanquished.

Vanquished Creatures (others)
  A boggart (D:14)
  2 orc wizards (Orc:2)
  A white imp (D:6)
  An orc (Orc:2)
  6 fungi
  31 plants
  10 withered plants (Lair:5)
52 creatures vanquished.

Grand Total: 620 creatures vanquished

Notes
Turn   | Place    | Note
-------+----------+-------------------------------------------
     0 | D:1      | wormed the Vine Stalker Fighter began the quest for the
                  | Orb.
     0 | D:1      | Reached XP level 1. HP: 11/11 MP: 2/2
   106 | D:1      | Reached skill level 2 in Maces & Flails
   107 | D:1      | Reached XP level 2. HP: 10/16 MP: 3/3
   287 | D:1      | Reached XP level 3. HP: 4/19 MP: 1/4
   983 | D:2      | Gained mutation: Your natural rate of healing is unusually
                  | fast. [Vine Stalker growth]
   983 | D:2      | Reached XP level 4. HP: 24/24 MP: 5/5
   991 | D:2      | Reached skill level 1 in Dodging
  1273 | D:2      | Noticed Jessica
  1275 | D:2      | Killed Jessica
  1276 | D:2      | Reached skill level 3 in Maces & Flails
  1276 | D:2      | Reached XP level 5. HP: 28/28 MP: 6/6
  1956 | D:3      | Found a hazy altar of Hepliaklqana.
  2236 | D:4      | Reached XP level 6. HP: 32/32 MP: 7/7
  2273 | D:4      | Found an ancient bone altar of Kikubaaqudgha.
  2284 | D:4      | Reached skill level 4 in Maces & Flails
  2297 | D:4      | Reached XP level 7. HP: 37/37 MP: 6/8
  2395 | D:4      | You fall into a shaft and drop 3 floors!
  2445 | D:5      | Entered Level 5 of the Dungeon
  2987 | D:5      | Noticed Grinder
  3011 | D:5      | Killed Grinder
  3012 | D:5      | Reached skill level 5 in Maces & Flails
  3012 | D:5      | Gained mutation: You have razor-sharp teeth. [Vine Stalker
                  | growth]
  3012 | D:5      | Reached XP level 8. HP: 32/42 MP: 5/9
  3438 | D:5      | Found a shadowy altar of Dithmenos.
  3653 | D:6      | Reached skill level 6 in Maces & Flails
  3711 | D:6      | Reached XP level 9. HP: 35/46 MP: 10/10
  3773 | D:6      | Reached skill level 5 in Fighting
  3908 | D:6      | Reached skill level 5 in Shields
  4029 | D:6      | Found a snail-covered altar of Cheibriados.
  4203 | D:6      | Identified a scroll of acquirement
  4203 | D:6      | Acquired the +7 chain mail of Tipsysal {Stlth+}
  4394 | D:7      | Found a staircase to the Ecumenical Temple.
  4529 | D:7      | Found a sparkling altar of Nemelex Xobeh.
  5133 | Temple   | Entered the Ecumenical Temple
  5259 | Temple   | Became a worshipper of Ru the Awakened
  5355 | D:8      | Reached skill level 7 in Maces & Flails
  5355 | D:8      | Reached skill level 5 in Armour
  6115 | D:9      | Noticed a hornet
  6132 | D:9      | Killed a hornet
  6133 | D:9      | Reached XP level 10. HP: 50/53 MP: 8/11
  6185 | D:9      | Found a radiant altar of Vehumet.
  6208 | D:9      | Identified the +6 quarterstaff "Juim" {venom, rElec Int+7}
  6246 | D:9      | Gained mutation: You are weak. (Str -2) [Ru sacrifice]
  6312 | D:9      | Reached skill level 8 in Maces & Flails
  6452 | D:9      | Identified the +2 pair of boots "Saguf" {Harm Str+5}
  6454 | D:9      | Found Gagoq's General Store.
  6457 | D:9      | Found Uriminn's Armour Emporium.
  6485 | D:9      | Bought the +0 pair of fencer's gloves {Riposte Dex+3} for
                  | 520 gold pieces
  6485 | D:9      | Found the +0 pair of fencer's gloves {Riposte Dex+3}
  6776 | D:10     | Entered Level 10 of the Dungeon
  6800 | D:10     | Noticed Snorg
  6810 | D:10     | Killed Snorg
  6811 | D:10     | Reached skill level 5 in Dodging
  6828 | D:10     | Noticed a two-headed ogre
  6844 | D:10     | Killed a two-headed ogre
  6875 | D:10     | Found a glowing silver altar of Zin.
  6887 | D:10     | Noticed Sonja
  6918 | D:10     | Killed Sonja
  6919 | D:10     | Reached skill level 9 in Maces & Flails
  6919 | D:10     | Reached XP level 11. HP: 38/55 MP: 9/12
  7069 | D:10     | Found a staircase to the Orcish Mines.
  7120 | D:10     | Noticed a two-headed ogre
  7125 | D:10     | Killed a two-headed ogre
  7232 | D:10     | Found a burning altar of Makhleb.
  7299 | D:10     | Found a flagged portal.
  7308 | Bailey   | Entered a bailey
  7565 | Bailey   | Got the Octavo of Assembling and the Shapeshifter
  7622 | Bailey   | Noticed Grum
  7633 | Bailey   | Killed Grum
  7764 | D:10     | Noticed Lodul
  7926 | D:10     | Killed Lodul
  7975 | D:10     | Found an opulent altar of Gozag.
  7976 | D:10     | Found an ornate altar of the Wu Jian Council.
  8202 | D:11     | Noticed Josephine
  8203 | D:11     | Noticed a cyclops
  8388 | D:11     | Reached skill level 10 in Maces & Flails
  8390 | D:11     | Gained mutation: You cannot study or use magical devices.
                  | [Ru sacrifice]
  8390 | D:11     | Reached * piety under Ru
  8390 | D:11     | Reached ** piety under Ru
  8390 | D:11     | Reached *** piety under Ru
  8399 | D:11     | Noticed an oklob plant
  8470 | D:11     | Noticed a soul eater
  8672 | D:11     | Noticed an oklob plant
  8699 | D:11     | Killed Josephine
  8700 | D:11     | Reached XP level 12. HP: 23/63 MP: 13/13
  9070 | D:11     | Found a staircase to the Lair.
  9195 | Lair:1   | Entered Level 1 of the Lair of Beasts
 10758 | Lair:3   | Reached skill level 11 in Maces & Flails
 10967 | Lair:3   | Found a staircase to the Shoals.
 10980 | Lair:3   | Found a hole to the Spider Nest.
 11669 | Lair:4   | Found a radiant altar of Vehumet.
 11735 | Lair:4   | Noticed an eight-headed hydra
 11747 | Lair:4   | Killed an eight-headed hydra
 11796 | Lair:4   | Noticed a boulder beetle
 11809 | Lair:4   | Killed a boulder beetle
 11810 | Lair:4   | Reached XP level 13. HP: 43/69 MP: 14/14
 12055 | Lair:4   | Reached skill level 12 in Maces & Flails
 12440 | Lair:4   | Gained mutation: You cannot be stealthy. [Ru sacrifice]
 12543 | Lair:5   | Entered Level 5 of the Lair of Beasts
 12750 | Lair:5   | Found a staircase to the Slime Pits.
 13150 | Lair:5   | Noticed a dire elephant
 13277 | Lair:5   | Killed a dire elephant
 13311 | Lair:5   | Got the Excursus on Vehement Correspondence
 13571 | Lair:5   | Noticed a dire elephant
 13573 | Lair:5   | Noticed a dire elephant
 13583 | Lair:5   | Killed a dire elephant
 13587 | Lair:5   | Killed a dire elephant
 13588 | Lair:5   | Reached XP level 14. HP: 76/76 MP: 15/15
 13602 | Lair:5   | Reached skill level 10 in Fighting
 13616 | Lair:5   | Reached skill level 10 in Shields
 14158 | D:12     | Gained mutation: You occasionally lose the ability to drink
                  | potions when taking damage. [Ru sacrifice]
 14158 | D:12     | Gained mutation: You sometimes lose the ability to drink
                  | potions when taking damage. [Ru sacrifice]
 14158 | D:12     | Reached **** piety under Ru
 14158 | D:12     | Reached ***** piety under Ru
 14713 | D:13     | Identified the +5 trident "Okuzerypt" {flame, Dex+3}
 15576 | D:14     | Found a gate to the Vaults.
 15597 | D:14     | Reached skill level 10 in Armour
 15647 | D:14     | Identified the +7 dagger "Sigely" {heavy, Int+2}
 16152 | D:15     | Entered Level 15 of the Dungeon
 16208 | D:15     | Found a hazy altar of Hepliaklqana.
 16314 | D:15     | Reached XP level 15. HP: 82/82 MP: 16/16
 16404 | D:15     | Found a staircase to the Depths.
 16572 | D:15     | Reached skill level 10 in Dodging
 17097 | Orc:1    | Entered Level 1 of the Orcish Mines
 17098 | Orc:1    | Found Ifuog's Weapon Boutique.
 17604 | Orc:1    | Found a runed translucent door.
 17607 | Orc:1    | Noticed a balrug
 17795 | Orc:1    | Killed a balrug
 17844 | Orc:2    | Entered Level 2 of the Orcish Mines
 17844 | Orc:2    | Found Vizewn's Assorted Antiques.
 17848 | Orc:2    | Noticed Donald
 17869 | Orc:2    | Killed Donald
 17905 | Orc:2    | Bought a glowing cloak for 172 gold pieces
 18058 | Orc:2    | Found Esaas's Magic Scroll Boutique.
 18076 | Orc:2    | Found Baogegem's Antique Armour Boutique.
 18116 | Orc:2    | Found Gotwe's Distillery.
 18132 | Orc:2    | Found a staircase to the Elven Halls.
 18135 | Orc:2    | Found Ruluez's Book Emporium.
 18354 | Orc:2    | Found Jagrytt's Armour Emporium.
 18354 | Orc:2    | Found Quffidal's Assorted Antiques.
 18356 | Orc:2    | Found Ithrill's Armour Emporium.
 18356 | Orc:2    | Found Nuirallu's Assorted Antiques.
 18364 | Orc:2    | Bought the +3 warlock's mirror {reflect} for 400 gold
                  | pieces
 18364 | Orc:2    | Found the +3 warlock's mirror {reflect}
 18589 | Spider:1 | Entered Level 1 of the Spider Nest
 18628 | Lair:3   | HP: 4/84 [poisoned by a redback]
 18629 | Lair:3   | Succumbed to a redback's poison

Illustrated notes

Levels and vault maps discovered:
D:1:      minmay_arrival_hallway, layout_rooms
D:2:      layout_basic, minmay_pentomino_pile, uniq_jessica
D:3:      layout_basic, mainiacjoe_overflow_brackets
D:4:      layout_loops_cross, lemuel_mausoleum_altar_kikubaaqudgha
D:5:      layout_rooms, mainiacjoe_overflow_concentric_impassable,
          guppyfry_early_orc_mine, uniq_grinder
D:6:      layout_loops_ring, cheibrodos_worm_habitat,
          corexii_mini_fake_secret_closet
D:7:      layout_cave_pods, nemelex_spade_bored_becter,
          minmay_temple_entry_drinking_statues, serial_glass, glass_columns_a,
          glass_columns_a, glass_columns_c, glass_columns_a, glass_columns_a
D:8:      layout_loops_ring
D:9:      layout_cave_pools, old_standard_altar, serial_bayou,
          serial_bayou_shore_a, serial_bayou_lake_a, serial_bayou_pond_e,
          serial_bayou_pond_e, serial_bayou_pond_d, serial_bayou_crossing,
          nicolae_wooded_promenade, dreamdust_mushroom_princess,
          item_on_display_a
D:10:     layout_long_grid, mainiacjoe_overflow_small_starburst,
          gammafunk_temple_overflow_statue, zin_scriptorium, orc_0_dummy,
          enter_bailey_2, uniq_sonja, uniq_lodul, uniq_snorg
D:11:     layout_big_octagon, dpeg_oklobed_lair, uniq_josephine
D:12:     layout_irregular_city
D:13:     layout_long_grid
D:14:     layout_basic, grunt_vaults_entry_tiered, chequers_jeans
D:15:     grunt_enter_depths_snipers, layout_loops_ring, special_room
          [special_room_orc], nicolae_hepliaklqana_hazy_memory,
          grunt_ministairs_15, st_stairs_6
Temple:   hellmonk_temple_flake
Lair:1:   layout_cave_shapes, guppyfry_lair_drakes
Lair:2:   layout_roguey
Lair:3:   layout_hall_layers, minmay_shoals_entry_beasts,
          spider_nest_entry_web_field
Lair:4:   layout_hall_layers, basic_altar
Lair:5:   due_jungle_book, layout_cellular_growth, slime_entry_1
Spider:1: nicolae_spider_obnoxious_hallway
Orc:1:    dreamdust_dug_too_deep, layout_diamond_mine, serial_shops, shop
Orc:2:    grunt_orc_tribal_feast, layout_caves, basic_altar, serial_shops,
          shop_statue, shop, shop, nicolae_square_shop, shop, uniq_donald

Skill      XL: |  1  2  3  4  5  6  7  8  9 10 11 12 13 14 15 |
---------------+----------------------------------------------+-----
Maces & Flails | 2 3 4 5 6 7 9 10 11 12 | 12.0
Fighting       | 3 4 5 6 7 8 9 11 | 11.8
Shields        | 3 4 5 6 7 8 9 11 | 11.7
Dodging        | 1 2 3 4 5 6 7 8 9 10 | 10.5
Armour         | 3 4 5 6 7 9 10 | 10.8

Action                   |  1- 3 |  4- 6 |  7- 9 | 10-12 | 13-15 || total
-------------------------+-------+-------+-------+-------+-------++-------
Melee: Flail             |    92 |   126 |       |       |       ||   218
       Bite              |    19 |    53 |    83 |   230 |   481 ||   866
       Whip              |       |    41 |   367 |   566 |   251 ||  1225
       Demon whip        |       |       |       |       |   652 ||   652
Throw: Dart              |       |       |     3 |     6 |       ||     9
       Throwing net      |       |       |       |     1 |       ||     1
Invok: Sacrifice Purity  |       |       |       |     1 |       ||     1
       Sacrifice Artific |       |       |       |     1 |       ||     1
       Reject Sacrifices |       |       |       |     1 |     1 ||     2
       Sacrifice Stealth |       |       |       |       |     1 ||     1
       Sacrifice Drink   |       |       |       |       |     1 ||     1
Evoke: Wand              |       |       |     3 |     2 |       ||     5
  Use: Scroll            |       |     9 |     7 |    15 |     4 ||    35
 Stab: Held in net/web   |       |       |       |     2 |       ||     2
       Distracted        |       |       |       |     1 |     1 ||     2
       Invisible         |       |       |       |       |     2 ||     2
Armor: Scale mail        |    36 |    46 |    87 |       |       ||   169
       Chain mail        |       |       |    63 |   166 |   217 ||   446
Dodge: Dodged            |    75 |   110 |   215 |   289 |   334 ||  1023
Block: Buckler           |    33 |    37 |    71 |   158 |   304 ||   603
       Reflection        |       |       |       |     2 |     3 ||     5
       Rpst.: Whip       |       |       |       |    89 |    46 ||   135
       Demon whip        |       |       |       |       |   137 ||   137

Table legend: (Time is in decaauts)
 A = Elapsed time spent in this place.
 B = Non-inter-level travel time spent in this place.
 C = Inter-level travel time spent in this place.
 D = Time resting spent in this place.
 E = Time spent auto-exploring this place.
 F = Levels seen in this place.
 G = Mean time per level.
                   A        B        C        D        E       F      G
               +--------+--------+--------+--------+--------+-----+--------+
         Total |  18102 |  16980 |   1122 |     28 |  13598 |  25 |  724.1 |
       Dungeon |  11685 |  10977 |    708 |     28 |   8660 |  15 |  779.0 |
        Temple |    137 |    127 |     10 |      0 |    103 |   1 |  137.0 |
          Lair |   4532 |   4274 |    258 |      0 |   3612 |   5 |  906.4 |
   Spider Nest |     17 |     17 |      0 |      0 |      0 |   1 |   17.0 |
  Orcish Mines |   1324 |   1180 |    144 |      0 |   1000 |   2 |  662.0 |
        Bailey |    405 |    405 |      0 |      0 |    223 |   1 |  405.0 |
               +--------+--------+--------+--------+--------+-----+--------+

Top non-repeatable levels by time:
  Lair:5: 1174 daAuts
  Lair:1: 1051 daAuts
    D:11: 1017 daAuts
    D:10: 995 daAuts
  Lair:3: 944 daAuts
     D:7: 905 daAuts
    D:14: 897 daAuts
     D:9: 855 daAuts
     D:2: 852 daAuts
  Lair:4: 832 daAuts
     D:4: 797 daAuts
   Orc:1: 786 daAuts
    D:15: 777 daAuts
     D:6: 716 daAuts
     D:5: 695 daAuts
